 Dungeon Sprint DCSS version 0.29-a0-824-gd827844252 (webtiles) character file.

Game seed: 11873921906299735684

3156 mhtbhm the Grappler (level 9, -2/93 HPs)
             Began as a Naga Transmuter on July 10, 2022.
             Was an Elder of Okawaru.
             Slain by a redback (13 damage)
             ... in the Dungeon (Sprint I: "Red Sonja").
             The game lasted 00:02:40 (1346 turns).

mhtbhm the Grappler (Naga Transmuter)               Turns: 1346, Time: 00:02:41

Health: -2/93      AC:  6    Str: 18    XL:     9   Next: 93%
Magic:  19/22      EV: 11    Int: 13    God:    Okawaru [****..]
Gold:   442        SH:  0    Dex: 11    Spells: 16/26 levels left

rFire   x . .      SeeInvis +     - Unarmed
rCold   + + +      Faith    .   (shield currently unavailable)
rNeg    . . .      Spirit   .   (body armour currently unavailable)
rPois   +          Reflect  .   (helmet currently unavailable)
rElec   .          Harm     .   (cloak currently unavailable)
rCorr   .          Rampage  .   (gloves currently unavailable)
Will    +....      NoTele   +   (no barding)
Stlth   ++++......              (no amulet)
HPRegen 0.25/turn               (no ring)
MPRegen 0.18/turn               (no ring)

@: lethally poisoned (-2 -> -20), ice-form (expiring), wereblooded (expiring)
A: freezing attack, amphibious, boosted hp, AC +3, large, see invisible,
(deformed body), (poison resistance), (slowness 2), spit poison 1, (naga tail 1)
a: Spit Poison, End Transformation, Renounce Religion, Heroism, Finesse


You were in the Dungeon.
You worshipped Okawaru.
Okawaru was greatly pleased with you.
You were a creature of crystalline ice.
You visited 1 branch You collected 442 gold pieces.

Inventory:

Armour
 a - a +0 robe
 b - a +0 leather armour (melded)
Wands
 i - a wand of roots (3)
Scrolls
 g - a scroll of summoning {unknown}
Potions
 c - a potion of curing
 e - a potion of haste
 f - 2 potions of magic


   Skills:
 + Level 4.3 Fighting
 + Level 3.5 Armour
 + Level 5.4 Dodging
 + Level 8.3 Stealth
 + Level 12.8 Unarmed Combat
 + Level 9.1 Spellcasting
 + Level 9.0 Transmutations
 + Level 1.6 Ice Magic
 + Level 4.7 Poison Magic
 * Level 8.5 Invocations


You had 16 spell levels left.
You knew the following spells:

 Your Spells              Type           Power      Damage    Failure   Level
a - Beastly Appendage     Tmut           58%        N/A       1%          1
b - Wereblood             Tmut           29%        N/A       1%          2
c - Spider Form           Tmut/Pois      23%        N/A       2%          3
d - Ice Form              Ice/Tmut       19%        N/A       14%         4

Your spell library contained the following spells:

 Spells                   Type           Power      Damage    Failure   Level


Dungeon Overview and Level Annotations

Branches:
Dungeon (1/1)

Altars:
Cheibriados
Dithmenos
Elyvilon
Fedhas
Gozag
Hepliaklqana
Kikubaaqudgha
Makhleb
Nemelex Xobeh
Okawaru
Qazlal
Ru
Sif Muna
Trog
Uskayaw
Vehumet
Wu Jian
Xom
Yredelemnul
Zin
The Shining One
Jiyva
Lugonu

Shops:
D (


Innate Abilities, Weirdness & Mutations

You are a creature of crystalline ice.
You have a powerful freezing melee attack.
You are amphibious.
Your maximum health is increased.
Your armour is entirely melded.
You are incapable of wielding weapons or throwing items.
((Your serpentine skin is tough. (AC +3)))
You have supernaturally acute eyesight. (SInv)
((Armour fits poorly on your strangely shaped body.))
((Your system is resistant to poisons. (rPois)))
((You cover ground very slowly.))
You can spit poison.
((You have a snake-like lower body.))


Message History

Your Spellcasting skill increases to level 9!
Your Transmutations skill increases to level 9!
Your Invocations skill increases to level 8!
Unknown command.
You open the door.
Found 54 gold pieces. 2 redbacks come into view.
Found 54 gold pieces.
You howl as the wereblood boils in your veins!
The redback moves out of view.
There is an open door here.
The redback bites you.
You see here 27 gold pieces.
You closely miss the redback. The redback bites you!
You barely miss the redback. The redback bites you!
You punch the redback! You freeze the redback!
The redback is almost dead.
The redback bites you.
You are poisoned.
The redback poisons you!
You pummel the redback!! You freeze the redback.
You feel a bit better.
You kill the redback!
Okawaru accepts your kill.
You can now speed up your combat.
Your transformation is almost over.
You feel extremely sick.
You howl as the wereblood boils in your veins!
You feel extremely sick.
You see here a redback corpse.
You howl as the wereblood boils in your veins!
Your primal bloodlust is almost over.
You feel extremely sick. The redback bites you!
* * * LOW HITPOINT WARNING * * *
You see here 27 gold pieces.
You punch the redback! You freeze the redback.
The redback is severely wounded.
* * * LOW HITPOINT WARNING * * *
You feel very sick. The redback bites you!
You die...

#...#.####$!#####
#..##)#≈§≈.§#§§#
##'#_.'≈§≈§§§†.#
.'..._#≈§§§)#§§#
##_.#'##+#####§###
###+#.# #§'$# #
### ###$# #†# #Y#
#s# +§# #.# #§#


You could see a redback.

Vanquished Creatures
  2 centaur warriors (D)
  An oklob plant (D)
  2 kobold demonologists (D)
  A hornet (D)
  A slime creature (D)
  Sigmund (D)
  A yak (D)
  A redback (D)
  A floating eye (D)
  An ogre (D)
  A jelly (D)
  Ijyb (D)
14 creatures vanquished.

Notes
Turn   | Place    | Note
-------+----------+-------------------------------------------
     0 | D        | mhtbhm the Naga Transmuter began the quest for the Orb.
     0 | D        | Reached XP level 1. HP: 18/18 MP: 3/3
     2 | D        | Noticed Ijyb
    13 | D        | Killed Ijyb
    14 | D        | Reached skill level 5 in Unarmed Combat
    14 | D        | Reached XP level 2. HP: 15/25 MP: 3/5
    14 | D        | Reached XP level 3. HP: 19/31 MP: 4/7
   388 | D        | Learned a level 2 spell: Wereblood
   392 | D        | Learned a level 3 spell: Spider Form
   394 | D        | Noticed an ogre
   398 | D        | Killed an ogre
   399 | D        | Reached skill level 7 in Unarmed Combat
   399 | D        | Reached XP level 4. HP: 38/38 MP: 5/10
   434 | D        | Learned a level 4 spell: Ice Form
   593 | D        | Noticed Sigmund
   598 | D        | Killed Sigmund
   599 | D        | Reached skill level 9 in Unarmed Combat
   599 | D        | Reached skill level 5 in Spellcasting
   599 | D        | Reached XP level 5. HP: 30/45 MP: 5/12
   599 | D        | Reached XP level 6. HP: 35/52 MP: 5/14
   732 | D        | Found an ornate altar of the Wu Jian Council.
   732 | D        | Found a shimmering blue altar of Sif Muna.
   734 | D        | Found a radiant altar of Vehumet.
   740 | D        | Reached skill level 5 in Transmutations
   740 | D        | Reached skill level 1 in Poison Magic
   742 | D        | Found Hyle's Weapon Emporium.
   742 | D        | Found an ancient bone altar of Kikubaaqudgha.
   742 | D        | Found a hazy altar of Hepliaklqana.
   742 | D        | Found a stormy altar of Qazlal.
   742 | D        | Found a hide-covered altar of Uskayaw.
   742 | D        | Found a blossoming altar of Fedhas.
   742 | D        | Found a bloodstained altar of Trog.
   742 | D        | Found an iron altar of Okawaru.
   742 | D        | Found a basalt altar of Yredelemnul.
   742 | D        | Found a glowing golden altar of the Shining One.
   742 | D        | Found a snail-covered altar of Cheibriados.
   742 | D        | Found a sacrificial altar of Ru.
   742 | D        | Found a glowing silver altar of Zin.
   742 | D        | Found a shadowy altar of Dithmenos.
   742 | D        | Found a white marble altar of Elyvilon.
   742 | D        | Noticed a yak
   743 | D        | Found an opulent altar of Gozag.
   751 | D        | Killed a yak
   752 | D        | Reached skill level 10 in Unarmed Combat
   752 | D        | Found a sparkling altar of Nemelex Xobeh.
   770 | D        | Became a worshipper of Warmaster Okawaru
   827 | D        | Found a burning altar of Makhleb.
   827 | D        | Found a viscous altar of Jiyva.
   827 | D        | Found a shimmering altar of Xom.
   827 | D        | Found a corrupted altar of Lugonu.
   827 | D        | Noticed a slime creature
   831 | D        | Killed a slime creature
   832 | D        | Reached XP level 7. HP: 61/61 MP: 10/17
   846 | D        | Noticed a kobold demonologist
   847 | D        | Noticed a kobold demonologist
   851 | D        | Noticed an ice devil
   853 | D        | Killed a kobold demonologist
   853 | D        | Reached * piety under Okawaru
   854 | D        | Reached skill level 5 in Stealth
   854 | D        | Reached skill level 11 in Unarmed Combat
   854 | D        | Reached XP level 8. HP: 69/69 MP: 15/19
   854 | D        | Noticed a soul eater
   858 | D        | Noticed a rust devil
   865 | D        | Killed a kobold demonologist
   865 | D        | Reached ** piety under Okawaru
   866 | D        | Reached skill level 1 in Armour
   866 | D        | Reached skill level 5 in Dodging
   866 | D        | Reached skill level 5 in Invocations
  1309 | D        | Noticed a centaur warrior
  1309 | D        | Noticed a centaur warrior
  1316 | D        | Killed a centaur warrior
  1317 | D        | Reached skill level 12 in Unarmed Combat
  1317 | D        | Reached XP level 9. HP: 67/78 MP: 14/21
  1320 | D        | Killed a centaur warrior
  1320 | D        | Reached *** piety under Okawaru
  1321 | D        | Reached skill level 1 in Ice Magic
  1321 | D        | Noticed a hornet
  1323 | D        | Killed a hornet
  1330 | D        | Noticed an oklob plant
  1336 | D        | Killed an oklob plant
  1343 | D        | Reached **** piety under Okawaru
  1346 | D        | Slain by a redback

Illustrated notes

Levels and vault maps discovered:
D:        dungeon_sprint_1 [red_sonja_temple_1, red_sonja_temple_small_1]

Skill      XL: |  1  2  3  4  5  6  7  8  9 |
---------------+----------------------------+-----
Dodging        | 2 3 4 5 |  5.4
Unarmed Combat | 5 7 9 10 11 12 | 12.8
Spellcasting   | 4 5 6 7 8 9 |  9.1
Transmutations | 4 6 7 8 9 |  9.0
Fighting       | 2 3 4 |  4.3
Stealth        | 2 4 5 6 8 |  8.3
Poison Magic   | 2 3 4 |  4.7
Invocations    | 2 4 6 8 |  8.5
Armour         | 2 3 |  3.5
Ice Magic      | 1 |  1.6

Action                   |  1- 3 |  4- 6 |  7- 9 || total
-------------------------+-------+-------+-------++-------
Melee: Unarmed           |    12 |    17 |    33 ||    62
       Headbutt          |     1 |       |       ||     1
 Cast: Wereblood         |     1 |     3 |     1 ||     5
       Beastly Appendage |     1 |       |       ||     1
       Spider Form       |       |     2 |       ||     2
       Ice Form          |       |     1 |     1 ||     2
 Abil: Spit Poison       |     1 |       |     1 ||     2
Evoke: Wand              |       |       |     1 ||     1
  Use: Potion            |     2 |       |     1 ||     3
       Scroll            |       |       |     1 ||     1
 Stab: Sleeping          |       |     1 |     2 ||     3
Armor: Skin              |     5 |       |     8 ||    13
       Leather armour    |       |       |     1 ||     1
Dodge: Dodged            |       |     6 |    19 ||    25

Table legend: (Time is in decaauts)
 A = Elapsed time spent in this place.
 B = Non-inter-level travel time spent in this place.
 C = Inter-level travel time spent in this place.
 D = Time resting spent in this place.
 E = Time spent auto-exploring this place.
 F = Levels seen in this place.
 G = Mean time per level.
                   A        B        C        D        E       F      G
               +--------+--------+--------+--------+--------+-----+--------+
         Total |   1374 |   1374 |      0 |   1078 |      0 |   1 | 1374.0 |
       Dungeon |   1374 |   1374 |      0 |   1078 |      0 |   1 | 1374.0 |
               +--------+--------+--------+--------+--------+-----+--------+

Top non-repeatable levels by time:
       D: 1374 daAuts
